 Dungeon Crawl Stone Soup version 0.19.0-19-g8c6edcc (webtiles) character file.

482 KarmaPolice the Charmwright (level 6, -3/47 HPs)
             Began as a Vampire Skald on Nov 13, 2016.
             Slain by an orc warrior
             ... wielding a +0 halberd
              (22 damage)
             ... on level 5 of the Dungeon.
             The game lasted 00:16:24 (7359 turns).

KarmaPolice the Charmwright (Vampire Skald)         Turns: 7359, Time: 00:16:25

Health: -3/47      AC:  4    Str: 11    XL:     6   Next: 87%
Magic:  14/20      EV: 11    Int: 15    God:
Gold:   279        SH:  0    Dex: 15    Spells: 4 memorised, 4 levels left

rFire  . . .     SeeInvis +     v - +2 dagger (vamp)
rCold  + . .     Gourm    .     b - +0 leather armour
rNeg   + + .     Faith    .     (no shield)
rPois  +         Spirit   .     (no helmet)
rElec  .         Reflect  .     x - +0 cloak
rCorr  .         Harm     .     (no gloves)
MR     +....                    (no boots)
Stlth  ++........               (no amulet)
                                w - ring of magical power
                                f - ring of protection from magic

@: regenerating slowly
A: fangs 3, see invisible, unbreathing
a: Bat Form


You were on level 5 of the Dungeon.
You were thirsty.

You visited 2 branches of the dungeon, and saw 7 of its levels.

You collected 279 gold pieces.

Inventory:

Hand Weapons
 a - a +0 falchion
 v - a +2 vampiric dagger (weapon)
Armour
 b - a +0 leather armour (worn)
 x - a +0 cloak (worn)
Jewellery
 f - a ring of protection from magic (left hand)
 w - a ring of magical power (right hand)
Scrolls
 e - a scroll of fog {unknown}
 g - a scroll of blinking {unknown}
 i - 2 scrolls of magic mapping {unknown}
 l - 4 scrolls of remove curse
 m - 4 scrolls of identify {unknown}
 p - a scroll of fear {unknown}
 q - 3 scrolls of amnesia {unknown}
 r - a scroll of noise {unknown}
 y - a scroll of enchant armour {unknown}
 z - a scroll of recharging {unknown}
 B - a scroll of enchant weapon {unknown}
Potions
 d - a potion of blood
 h - 4 potions of mutation {unknown}
 j - a potion of berserk rage {unknown}
 k - a potion of degeneration {unknown}
 n - a potion of brilliance {unknown}
 o - 2 potions of lignification {unknown}
 s - a potion of resistance {unknown}
 t - 2 potions of curing {unknown}
 u - 3 potions of heal wounds {unknown}
 C - a potion of ambrosia {unknown}
Books
 c - a book of Battle

   Spells                             Type                      Level
   a - Infusion                       Charms                       1
   b - Shroud of Golubria             Charms/Translocation         2
   c - Song of Slaying                Charms                       2
   d - Spectral Weapon                Hexes/Charms                 3
   e - Regeneration                   Charms/Necromancy            3
 A - a book of Cantrips

   Spells                             Type                      Level
   a - Confusing Touch                Hexes                        1
   b - Animate Skeleton               Necromancy                   1
   c - Summon Small Mammal            Summoning                    1
   d - Apportation                    Translocation                1


   Skills:
 - Level 3.0 Fighting
 + Level 2.0(3.1) Short Blades
 - Level 3.3(3.5) Long Blades
 - Level 0.7 Armour
 - Level 1.1 Dodging
 + Level 3.7 Spellcasting
 + Level 5.0 Charms
 + Level 2.5 Necromancy


You had 4 spell levels left.
You knew the following spells:

 Your Spells              Type           Power        Failure   Level  Hunger
a - Infusion              Chrm           ###.         2%          1    None
b - Shroud of Golubria    Chrm/Tloc      ##........   17%         2    ##.....
c - Song of Slaying       Chrm           ###.....     4%          2    ##.....
d - Regeneration          Chrm/Necr      ##........   17%         3    ###....


Dungeon Overview and Level Annotations

Branches:
Dungeon (6/15)             Temple (1/1) D:5

Altars:
Ashenzari
Cheibriados
Dithmenos
Elyvilon
Gozag
Hepliaklqana
Okawaru
Qazlal
Ru
Sif Muna
Yredelemnul
Zin

Annotations:
D:5 Eustachio; aggelon's ghost, novice CeHu


Innate Abilities, Weirdness & Mutations

You heal slowly.
You have razor-sharp teeth.
You have supernaturally acute eyesight. (SInv)
You can survive without breathing.


Message History

The adder is severely wounded.
The adder misses you.
You closely miss the adder.
The adder is severely wounded.
The adder bites you but does no damage.
You hit the adder. You bite the adder, but do no damage.
The adder is almost dead.
The adder bites you.
You hit the adder.
You kill the adder!
Your base Short Blades skill increases to level 2!
You see here an adder corpse.
Things that are here:
a dagger; a robe You see here an adder corpse.
Things that are here:
a dagger; a robe
There is an escape hatch in the ceiling here.
The orc warrior hits you from afar with a halberd!!
You die...

..# #..###.#.#####.## #.# ..#
#..............# #o#
..####.####.#.####### #.#
....................# ##o##
............#.#####.# ##...## #
.#####.####.#.# #.# #.#.#.###
.#####.####.#.# #.######(.o###.
..............#####.#.........#..
.#####.####)..o.@.....####...##..
.....>.# #.).........# ##.###..
..####.# ##.######.#.# #.####.
..# #.# #)# #.#.# #.##.## ..#
#.#####†# #.#.#####.##..# ..#
#.....#.# #.#.......##... ..#
#####.#.######.##########.##
..#######.#......[..# #.#
..[......###.<####### #.#


You could see an orc warrior.

Vanquished Creatures
  A phantom (D:5)
  An orc wizard (D:5)
  2 bullfrog skeletons
  2 orc priests
  Natasha (thrice) (D:2)
  A hound skeleton (D:6)
  7 adders
  An ooze (D:3)
  An adder skeleton (D:4)
  A worm (D:2)
  4 leopard geckos
  15 orcs
  3 giant cockroaches
  7 goblins
  4 hobgoblins
  5 jackals (D:2)
  6 kobolds
  A quokka (D:2)
  A ball python (D:2)
  15 bats
  2 frilled lizards
  A leopard gecko skeleton (D:4)
  7 rats
91 creatures vanquished.

Notes
Turn   | Place    | Note
-------+----------+-------------------------------------------
     0 | D:1      | KarmaPolice the Vampire Skald began the quest for the Orb.
     0 | D:1      | Reached XP level 1. HP: 16/16 MP: 3/3
   329 | D:1      | Reached XP level 2. HP: 3/22 MP: 5/5
  1016 | D:2      | Learned a level 2 spell: Shroud of Golubria
  1061 | D:2      | Learned a level 2 spell: Song of Slaying
  1085 | D:2      | Noticed Natasha
  1096 | D:2      | Killed Natasha
  1096 | D:2      | Reached XP level 3. HP: 16/28 MP: 0/6
  1871 | D:2      | Noticed Natasha
  1880 | D:2      | Killed Natasha
  1880 | D:2      | Reached XP level 4. HP: 19/34 MP: 2/7
  2509 | D:2      | Noticed Natasha
  2520 | D:2      | Killed Natasha
  2520 | D:2      | Reached skill level 4 in Charms
  3080 | D:2      | Learned a level 3 spell: Regeneration
  3372 | D:3      | Reached XP level 5. HP: 41/41 MP: 5/9
  4478 | D:3      | Reached skill level 1 in Necromancy
  4615 | D:3      | Found an iron altar of Okawaru.
  4712 | D:3      | Found a deep blue altar of Sif Muna.
  4974 | D:4      | Reached XP level 6. HP: 44/47 MP: 6/10
  5201 | D:5      | Entered Level 5 of the Dungeon
  5276 | D:5      | Reached skill level 1 in Short Blades
  5630 | D:5      | Noticed aggelon's ghost (novice CeHu)
  5787 | D:5      | Found a shadowy altar of Dithmenos.
  5843 | D:5      | Noticed Eustachio
  5934 | D:5      | Reached skill level 5 in Charms
  6116 | D:5      | Found a staircase to the Ecumenical Temple.
  6146 | Temple   | Entered the Ecumenical Temple
  6457 | D:5      | Noticed an orc warrior
  6662 | D:5      | Found a deep blue altar of Sif Muna.
  7359 | D:5      | Slain by an orc warrior

Skill      XL: |  1  2  3  4  5  6 |
---------------+-------------------+-----
Fighting       | 2 3 |  3.0
Long Blades    | 3 |  3.3
Charms         | 4 5 |  5.0
Spellcasting   | 3 |  3.7
Necromancy     | 1 2 |  2.5
Short Blades   | 2 |  2.0
Armour         | |  0.7
Dodging        | |  1.1

Action                   |  1- 3 |  4- 6 || total
-------------------------+-------+-------++-------
Melee: Falchion          |    77 |    87 ||   164
       Bite              |     5 |    24 ||    29
       Dagger            |       |   190 ||   190
       Unarmed           |       |    10 ||    10
 Cast: Infusion          |     4 |    16 ||    20
       Shroud of Golubri |       |     3 ||     3
       Regeneration      |       |     5 ||     5
       Song of Slaying   |       |     2 ||     2
 Abil: End Transformatio |       |     5 ||     5
       Bat Form          |       |     5 ||     5
  Use: Potion            |     1 |     8 ||     9
       Scroll            |       |     1 ||     1
 Stab: Sleeping          |       |     4 ||     4
  Eat: Corpse            |       |     5 ||     5
Armor: Leather armour    |    26 |    76 ||   102
Dodge: Dodged            |    47 |   168 ||   215
       Rpst.: Falchion   |    26 |    16 ||    42
